| TOP OF THE 1ST |
|
Batavia Muckdogs batting - Pitching for Los Angeles (NYP) Dodgers : RHP Paul Schaecher
|
|
Pitching: RHP Paul Schaecher
|
|
|
Batting: SHB Justin Corbett
|
0-0: Swinging Strike 0-1: Foul Ball, location: 2F 0-2: Strikes out looking
|
|
Batting: LHB Danny Treto
|
0-0: Ball 1-0: Foul Ball, location: 2F 1-1: Foul Ball, location: 2F 1-2: Foul Ball, location: 2F 1-2: Ball 2-2: Strikes out swinging
|
|
Batting: RHB Reomel Somera
|
0-0: Foul Ball, location: 2F 0-1: Swinging Strike 0-2: Strikes out swinging
|
| Top of the 1st over - 0 runs, 0 hits, 0 errors, 0 left on base; Batavia 0 - Los Angeles (NYP) 0 |
| BOTTOM OF THE 1ST |
|
Los Angeles (NYP) Dodgers batting - Pitching for Batavia Muckdogs : RHP Rodolfo Mendez
|
|
Pitching: RHP Rodolfo Mendez
|
|
|
Batting: SHB Alex Noval
|
0-0: Called Strike 0-1: Ball 1-1: Ball 2-1: Ball 3-1: Foul Ball, location: 2F 3-2: Base on Balls
|
|
Batting: RHB Adam Maczko
|
Balk! Alex Noval to second 0-0: Ball 1-0: Foul Ball, location: 2F 1-1: Ground out 1-3 (Groundball, 34S, EV 66.2 MPH) Alex Noval to third
|
|
Batting: RHB Tommy Hunter
|
0-0: Ground out 5-3 (Groundball, 56S, EV 83.8 MPH) Alex Noval scores
|
|
Batting: RHB Juan Gallegos
|
0-0: Ball 1-0: Swinging Strike 1-1: Called Strike 1-2: Ball 2-2: Foul Ball, location: 2F 2-2: Ball 3-2: Fly out, F9 (Line Drive, 9, EV 103.8 MPH)
|
| Bottom of the 1st over - 1 run, 0 hits, 0 errors, 0 left on base; Batavia 0 - Los Angeles (NYP) 1 |
| TOP OF THE 2ND |
|
Batavia Muckdogs batting - Pitching for Los Angeles (NYP) Dodgers : RHP Paul Schaecher
|
|
Batting: RHB Justin Dunham
|
0-0: Ball 1-0: Ball 2-0: Ball 3-0: Called Strike 3-1: Fly out, F6 (Popup, 6M, EV 59.4 MPH)
|
|
Batting: SHB Greg Rivera
|
0-0: Called Strike 0-1: Foul Ball, location: 2F 0-2: Fly out, F8 (Flyball, 89M, EV 79.4 MPH)
|
|
Batting: RHB George Boivin
|
0-0: Ball 1-0: Fly out, F4 (Popup, 4, EV 51.9 MPH)
|
| Top of the 2nd over - 0 runs, 0 hits, 0 errors, 0 left on base; Batavia 0 - Los Angeles (NYP) 1 |
| BOTTOM OF THE 2ND |
|
Los Angeles (NYP) Dodgers batting - Pitching for Batavia Muckdogs : RHP Rodolfo Mendez
|
|
Batting: LHB Fernão Manta
|
0-0: Ball 1-0: Ball 2-0: Ground out 5-3 (Groundball, 5D, EV 98.8 MPH)
|
|
Batting: RHB Brad Brady
|
0-0: Ball 1-0: Ball 2-0: Called Strike 2-1: Ball 3-1: Called Strike 3-2: Strikes out swinging
|
|
Batting: LHB Bobby Gambrell
|
0-0: Ball 1-0: Ball 2-0: DOUBLE (Flyball, 78D, EV 100.6 MPH)
|
|
Batting: RHB Bob Magana
|
0-0: Called Strike 0-1: Called Strike 0-2: Strikes out swinging
|
| Bottom of the 2nd over - 0 runs, 1 hit, 0 errors, 1 left on base; Batavia 0 - Los Angeles (NYP) 1 |
| TOP OF THE 3RD |
|
Batavia Muckdogs batting - Pitching for Los Angeles (NYP) Dodgers : RHP Paul Schaecher
|
|
Batting: RHB Andy Kelly
|
0-0: Foul Ball, location: 2F 0-1: Ball 1-1: Called Strike 1-2: Strikes out swinging
|
|
Batting: RHB Hiromitsu Yamada
|
0-0: Ground out 5-3 (Groundball, 56, EV 83.1 MPH)
|
|
Batting: RHB Jeremy Dennis
|
0-0: Ground out 6-3 (Groundball, P, EV 80.0 MPH)
|
| Top of the 3rd over - 0 runs, 0 hits, 0 errors, 0 left on base; Batavia 0 - Los Angeles (NYP) 1 |
| BOTTOM OF THE 3RD |
|
Los Angeles (NYP) Dodgers batting - Pitching for Batavia Muckdogs : RHP Rodolfo Mendez
|
|
Batting: SHB Josh Vaill
|
0-0: Called Strike 0-1: Ball 1-1: Ball 2-1: Swinging Strike 2-2: Foul Ball, location: 2F 2-2: TRIPLE (Flyball, 78XD, EV 91.2 MPH)
|
|
Batting: SHB Alex Noval
|
0-0: Called Strike 0-1: Ball 1-1: Swinging Strike 1-2: Strikes out swinging
|
|
Batting: RHB Adam Maczko
|
0-0: Called Strike 0-1: Ball 1-1: Ball 2-1: Ground out 5-3 (Groundball, 56, EV 83.8 MPH) Josh Vaill scores
|
|
Batting: RHB Tommy Hunter
|
0-0: Ball 1-0: Called Strike 1-1: SINGLE (Groundball, 56D, EV 103.1 MPH)
|
|
Batting: RHB Juan Gallegos
|
0-0: Called Strike 0-1: Ball Pickoff Throw to First - Out! 1-3 CS
|
| Bottom of the 3rd over - 1 run, 2 hits, 0 errors, 0 left on base; Batavia 0 - Los Angeles (NYP) 2 |
| TOP OF THE 4TH |
|
Batavia Muckdogs batting - Pitching for Los Angeles (NYP) Dodgers : RHP Paul Schaecher
|
|
Batting: SHB Justin Corbett
|
0-0: Called Strike 0-1: Foul Ball, location: 2F 0-2: Foul Ball, location: 2F 0-2: SOLO HOME RUN (Flyball, 9D, EV 96.9 MPH), Distance : 377 ft
|
|
Batting: LHB Danny Treto
|
0-0: Ground out U3 (Groundball, 3, EV 82.5 MPH)
|
|
Batting: RHB Reomel Somera
|
0-0: Called Strike 0-1: Ball 1-1: Ball 2-1: Ball 3-1: Base on Balls
|
|
Batting: RHB Justin Dunham
|
0-0: Called Strike 0-1: Called Strike 0-2: SINGLE (Groundball, 6S, EV 64.4 MPH) (infield hit) Reomel Somera to second
|
|
Batting: SHB Greg Rivera
|
0-0: Fly out, F8 (Flyball, 8LM, EV 90.6 MPH)
|
|
Batting: RHB George Boivin
|
0-0: Ground out 5-3 (Groundball, 56S, EV 68.8 MPH)
|
| Top of the 4th over - 1 run, 2 hits, 0 errors, 2 left on base; Batavia 1 - Los Angeles (NYP) 2 |
| BOTTOM OF THE 4TH |
|
Los Angeles (NYP) Dodgers batting - Pitching for Batavia Muckdogs : RHP Rodolfo Mendez
|
|
Batting: RHB Juan Gallegos
|
0-0: Ball 1-0: Ball 2-0: Foul Ball, location: 2F 2-1: Foul Ball, location: 2F 2-2: Strikes out looking
|
|
Batting: LHB Fernão Manta
|
0-0: Called Strike 0-1: Foul Ball, location: 2F 0-2: Ball 1-2: Ball 2-2: Foul Ball, location: 2F 2-2: SINGLE (Groundball, 4MD, EV 107.5 MPH)
|
|
Batting: RHB Brad Brady
|
0-0: Ball 1-0: Ball Wild Pitch! Fernão Manta to second 2-0: SINGLE (Line Drive, 7S, EV 89.4 MPH) Fernão Manta to third Runner from 3rd tries for Home, SAFE, throw by LF to home
|
|
Batting: LHB Bobby Gambrell
|
0-0: Foul Ball, location: 2F 0-1: Swinging Strike 0-2: Ball 1-2: Strikes out swinging
|
|
Batting: RHB Bob Magana
|
0-0: Swinging Strike 0-1: Fly out, F9 (Flyball, 9D, EV 96.2 MPH)
|
| Bottom of the 4th over - 1 run, 2 hits, 0 errors, 1 left on base; Batavia 1 - Los Angeles (NYP) 3 |
| TOP OF THE 5TH |
|
Batavia Muckdogs batting - Pitching for Los Angeles (NYP) Dodgers : RHP Paul Schaecher
|
|
Batting: RHB Andy Kelly
|
0-0: Ground out 5-3 (Groundball, 56, EV 104.4 MPH)
|
|
Batting: RHB Hiromitsu Yamada
|
0-0: Ball 1-0: SINGLE (Groundball, 6D, EV 101.2 MPH)
|
|
Batting: RHB Jeremy Dennis
|
0-0: Called Strike Hiromitsu Yamada steals 2nd base 0-1: Ball Wild Pitch! Hiromitsu Yamada to third 1-1: Called Strike 1-2: Strikes out looking
|
|
Batting: SHB Justin Corbett
|
0-0: Swinging Strike 0-1: Swinging Strike 0-2: Ball 1-2: Foul Ball, location: 2F 1-2: Strikes out swinging
|
| Top of the 5th over - 0 runs, 1 hit, 0 errors, 1 left on base; Batavia 1 - Los Angeles (NYP) 3 |
| BOTTOM OF THE 5TH |
|
Los Angeles (NYP) Dodgers batting - Pitching for Batavia Muckdogs : RHP Rodolfo Mendez
|
|
Batting: SHB Josh Vaill
|
0-0: Ball 1-0: Called Strike 1-1: Called Strike 1-2: Ball 2-2: Fly out, F6 (Flyball, 56D, EV 91.2 MPH)
|
|
Batting: SHB Alex Noval
|
0-0: Called Strike 0-1: Ball 1-1: Foul Ball, location: 2F 1-2: Strikes out looking
|
|
Batting: RHB Adam Maczko
|
0-0: Swinging Strike 0-1: Ball 1-1: Called Strike 1-2: Fly out, F9 (Flyball, 9D, EV 81.9 MPH)
|
| Bottom of the 5th over - 0 runs, 0 hits, 0 errors, 0 left on base; Batavia 1 - Los Angeles (NYP) 3 |
| TOP OF THE 6TH |
|
Batavia Muckdogs batting - Pitching for Los Angeles (NYP) Dodgers : RHP Paul Schaecher
|
|
Batting: LHB Danny Treto
|
0-0: Ball 1-0: Called Strike 1-1: Swinging Strike 1-2: Ball 2-2: Strikes out swinging
|
|
Batting: RHB Reomel Somera
|
0-0: Ball 1-0: Foul Ball, location: 2F 1-1: Foul Ball, location: 2F 1-2: Strikes out looking
|
|
Batting: RHB Justin Dunham
|
0-0: Called Strike 0-1: Called Strike 0-2: Foul Ball, location: 2F 0-2: Foul Ball, location: 2F 0-2: Strikes out swinging
|
| Top of the 6th over - 0 runs, 0 hits, 0 errors, 0 left on base; Batavia 1 - Los Angeles (NYP) 3 |
| BOTTOM OF THE 6TH |
|
Los Angeles (NYP) Dodgers batting - Pitching for Batavia Muckdogs : RHP Rodolfo Mendez
|
|
Batting: RHB Tommy Hunter
|
0-0: Ground out 1-3 (Groundball, 13, EV 58.8 MPH)
|
|
Batting: RHB Juan Gallegos
|
0-0: Called Strike 0-1: Ball 1-1: Swinging Strike 1-2: Foul Ball, location: 2F 1-2: Foul Ball, location: 2F 1-2: Strikes out swinging
|
|
Batting: LHB Fernão Manta
|
0-0: Ball 1-0: Ground out 6-3 (Groundball, 6M, EV 98.1 MPH)
|
| Bottom of the 6th over - 0 runs, 0 hits, 0 errors, 0 left on base; Batavia 1 - Los Angeles (NYP) 3 |
| TOP OF THE 7TH |
|
Batavia Muckdogs batting - Pitching for Los Angeles (NYP) Dodgers : RHP Paul Schaecher
|
|
Batting: SHB Greg Rivera
|
0-0: Ball 1-0: Fly out, F8 (Flyball, 8LM, EV 93.8 MPH)
|
|
Batting: RHB George Boivin
|
0-0: Ball 1-0: Ball 2-0: Called Strike 2-1: Ball 3-1: Base on Balls
|
|
Batting: RHB Andy Kelly
|
0-0: Called Strike 0-1: Foul Ball, location: 2F 0-2: Strikes out swinging
|
|
Batting: RHB Hiromitsu Yamada
|
0-0: Called Strike 0-1: Ball 1-1: Foul Ball, location: 2F 1-2: Ground out 6-3 (Groundball, 4MS, EV 80.0 MPH)
|
| Top of the 7th over - 0 runs, 0 hits, 0 errors, 1 left on base; Batavia 1 - Los Angeles (NYP) 3 |
| BOTTOM OF THE 7TH |
|
Los Angeles (NYP) Dodgers batting - Pitching for Batavia Muckdogs : RHP Rodolfo Mendez
|
|
Batting: RHB Brad Brady
|
0-0: SOLO HOME RUN (Flyball, 7D, EV 100.6 MPH), Distance : 396 ft
|
|
Batting: LHB Bobby Gambrell
|
0-0: Ball 1-0: Ball 2-0: Called Strike 2-1: Swinging Strike 2-2: Strikes out looking
|
|
Batting: RHB Bob Magana
|
0-0: Ball 1-0: Foul Ball, location: 2F 1-1: Foul Ball, location: 2F 1-2: Fly out, F8 (Line Drive, 8LM, EV 88.1 MPH)
|
|
Batting: SHB Josh Vaill
|
0-0: Called Strike 0-1: Swinging Strike 0-2: Ball 1-2: Strikes out swinging
|
| Bottom of the 7th over - 1 run, 1 hit, 0 errors, 0 left on base; Batavia 1 - Los Angeles (NYP) 4 |
| TOP OF THE 8TH |
|
Batavia Muckdogs batting - Pitching for Los Angeles (NYP) Dodgers : RHP Paul Schaecher
|
|
Batting: RHB Jeremy Dennis
|
0-0: Bunt missed! 0-1: Ball 1-1: Swinging Strike 1-2: Foul Ball, location: 2F 1-2: Ball 2-2: Ground out 4-3 (Groundball, 4, EV 84.4 MPH)
|
|
Pitching: RHP Balinda Msrah
|
|
|
Batting: SHB Justin Corbett
|
0-0: Called Strike 0-1: Swinging Strike 0-2: Ball 1-2: Foul Ball, location: 2F 1-2: Foul Ball, location: 2F 1-2: Foul Ball, location: 2F 1-2: SINGLE (Groundball, 34S, EV 68.1 MPH) (infield hit)
|
|
Batting: LHB Danny Treto
|
0-0: Ground out 4-3 (Groundball, 34, EV 108.8 MPH) Justin Corbett to second
|
|
Batting: RHB Reomel Somera
|
0-0: Swinging Strike 0-1: Ball 1-1: Swinging Strike 1-2: Foul Ball, location: 2F 1-2: Fly out, F9 (Flyball, 9, EV 91.2 MPH)
|
| Top of the 8th over - 0 runs, 1 hit, 0 errors, 1 left on base; Batavia 1 - Los Angeles (NYP) 4 |
| BOTTOM OF THE 8TH |
|
Los Angeles (NYP) Dodgers batting - Pitching for Batavia Muckdogs : RHP Rodolfo Mendez
|
|
Pitching: RHP Matt Slater
|
|
|
Batting: SHB Alex Noval
|
0-0: Ball 1-0: Ball 2-0: Called Strike 2-1: Foul Ball, location: 2F 2-2: Foul Ball, location: 2F 2-2: Strikes out swinging
|
|
Batting: RHB Adam Maczko
|
0-0: Swinging Strike 0-1: Swinging Strike 0-2: Ball 1-2: Strikes out swinging
|
|
Batting: RHB Tommy Hunter
|
0-0: Swinging Strike 0-1: Fly out, F9 (Flyball, 89S, EV 84.4 MPH)
|
| Bottom of the 8th over - 0 runs, 0 hits, 0 errors, 0 left on base; Batavia 1 - Los Angeles (NYP) 4 |
| TOP OF THE 9TH |
|
Batavia Muckdogs batting - Pitching for Los Angeles (NYP) Dodgers : RHP Balinda Msrah
|
|
Pitching: RHP Jared Wisham
|
|
|
Batting: RHB Justin Dunham
|
0-0: Swinging Strike 0-1: Foul Ball, location: 2F 0-2: Fly out, F7 (Flyball, 78M, EV 65.6 MPH)
|
|
Batting: SHB Greg Rivera
|
0-0: Ball 1-0: Called Strike 1-1: Called Strike 1-2: Foul Ball, location: 2F 1-2: Ball 2-2: Foul Ball, location: 2F 2-2: Ball 3-2: Base on Balls
|
|
Batting: RHB George Boivin
|
0-0: Called Strike 0-1: Foul Ball, location: 2F 0-2: SINGLE (Groundball, 56S, EV 68.8 MPH) (infield hit) Greg Rivera to second
|
|
Batting: RHB Andy Kelly
|
0-0: Ball 1-0: Ball 2-0: Ball Passed Ball! Greg Rivera to third George Boivin to second 3-0: Base on Balls
|
|
Batting: RHB Hiromitsu Yamada
|
0-0: Called Strike 0-1: Foul Ball, location: 2F 0-2: Foul Ball, location: 2F 0-2: Strikes out swinging
|
|
Pinch Hitting: RHB Jim Fisher
|
0-0: Ball 1-0: Ball 2-0: Called Strike 2-1: Swinging Strike 2-2: Strikes out swinging
|
| Top of the 9th over - 0 runs, 1 hit, 0 errors, 3 left on base; Batavia 1 - Los Angeles (NYP) 4 |
|